 Dungeon Crawl Stone Soup version 0.26.0-8-g74fc34ddfb (webtiles) character file.

Game seed: 3459011616688365660

4167 trckry the Grappler (level 10, 0/71 HPs)
             Began as a Black Draconian Transmuter on Jan 12, 2021.
             Was an Initiate of Ru.
             Killed themself with a bounced orb of electricity (11 damage)
             ... on level 9 of the Dungeon.
             The game lasted 00:27:00 (11824 turns).

trckry the Grappler (Black Draconian Transmuter)   Turns: 11824, Time: 00:27:01

Health: 0/71       AC:  9    Str: 14    XL:     10   Next: 7%
Magic:  13/13      EV: 12    Int: 16    God:    Ru [......]
Gold:   553        SH:  6    Dex: 11    Spells: 12/13 levels left

rFire    . . .     SeeInvis .     - Unarmed
rCold    . . .     Faith    .   G - +2 buckler
rNeg     . . .     Spirit   .   (armour unavailable)
rPois    .         Reflect  .   (helmet currently unavailable)
rElec    +         Harm     .   i - +0 cloak
rCorr    .         Rampage  .   x - +0 pair of gloves
Will     .....                  (boots currently unavailable)
Stlth    +.........             (no amulet)
HPRegen  0.21/turn              (no ring)
MPRegen  0.13/turn              (no ring)

@: appendages
A: breathe lightning, unfitting armour, horns 2, talons 2, screaming 1,
electricity resistance, cold-blooded, AC +7
a: Breathe Lightning, End Transformation, Renounce Religion


You were on level 9 of the Dungeon.
You worshipped Ru.
Ru was noncommittal.
You had grown temporary horns.
You had grown temporary talons.
You visited 2 branches of the dungeon, and saw 10 of its levels.

You collected 553 gold pieces.

Inventory:

Missiles
 d - 46 poisoned darts
 j - 2 throwing nets
 s - 5 curare-tipped darts (quivered)
 w - 3 silver javelins
Armour
 i - a +0 cloak (worn)
 x - a +0 pair of gloves (worn)
 G - a +2 buckler (worn)
Jewellery
 f - an uncursed ring of wizardry {unknown}
 l - a cursed -4 ring of dexterity {unknown}
 o - an uncursed ring of willpower {unknown}
 u - an uncursed ring of wizardry {unknown}
 D - an uncursed ring of poison resistance {unknown}
 H - an uncursed ring of positive energy {unknown}
 J - an uncursed amulet of magic regeneration {unknown}
Wands
 C - a wand of iceblast (10)
 I - a wand of flame (16)
Scrolls
 a - 2 scrolls of blinking {unknown}
 b - 8 scrolls of amnesia {unknown}
 e - 6 scrolls of remove curse {unknown}
 k - 7 scrolls of identify {unknown}
 p - 4 scrolls of enchant weapon {unknown}
 r - 2 scrolls of teleportation {unknown}
 v - 5 scrolls of fear {unknown}
 y - 2 scrolls of enchant armour {unknown}
 E - a scroll of magic mapping {unknown}
 F - a scroll of fog {unknown}
Potions
 c - a potion of attraction {unknown}
 g - 2 potions of curing {unknown}
 h - 2 potions of degeneration {unknown}
 m - 2 potions of resistance {unknown}
 n - 2 potions of heal wounds
 q - a potion of cancellation {unknown}
 t - a potion of flight {unknown}
 z - a potion of mutation {unknown}
 A - 2 potions of haste {unknown}
 B - 2 potions of invisibility {unknown}


   Skills:
 - Level 1.1 Fighting
 - Level 1.7 Dodging
 - Level 4.0 Shields
 * Level 9.7 Unarmed Combat
 - Level 2.0 Spellcasting
 * Level 9.4 Transmutations
 + Level 5.0 Evocations


You had 12 spell levels left.
You knew the following spells:

 Your Spells              Type           Power        Failure   Level
a - Beastly Appendage     Tmut           62%          1%          1

Your spell library contained the following spells:

 Spells                   Type           Power        Failure   Level
 Wereblood                Tmut           31%          1%          2
 Spider Form              Tmut/Pois      8%           9%          3
 Blade Hands              Tmut           15%          12%         5
 Magic Dart               Conj           4%           21%         1
 Searing Ray              Conj           2%           30%         2
 Ice Form                 Ice/Tmut       16%          30%         4
 Petrify                  Tmut/Erth      16%          30%         4
 Confusing Touch          Hex            1%           52%         3
 Dazzling Flash           Conj/Hex       2%           52%         3
 Gell's Gravitas          Tloc           0%           52%         3
 Yara's Violent Unravell  Hex/Tmut       8%           63%         5
 Fulminant Prism          Conj/Hex       0%           90%         4
 Iskenderun's Mystic Bla  Conj/Tloc      1%           90%         4
 Metabolic Englaciation   Hex/Ice        0%           99%         5


Dungeon Overview and Level Annotations

Branches:
Dungeon (9/15)             Temple (1/1) D:6            Lair (0/6) D:8
    Orc: D:9-12

Altars:
Ashenzari
Cheibriados
Dithmenos
Elyvilon
Fedhas
Gozag
Hepliaklqana
Kikubaaqudgha
Makhleb
Nemelex Xobeh
Okawaru
Qazlal
Ru
Sif Muna
Uskayaw
Vehumet
Wu Jian
Yredelemnul
Zin
The Shining One

Shops:
D:2 *

Annotations:
D:8 unexplored - flying


Innate Abilities, Weirdness & Mutations

You can breathe wild blasts of lightning.
Your glossy black scales are hard. (AC +7)
You cannot fit into any form of body armour.
You occasionally shout uncontrollably at your foes.
You are resistant to electric shocks. (rElec)
You are cold-blooded and may be slowed by cold attacks.
You have a pair of horns on your head.
You have razor-sharp toenails.


Message History

You hit the yak. You claw the yak.
The yak is lightly wounded.
You block the yak's attack.
You punch the yak! You claw the yak, but do no damage.
The yak is moderately wounded.
You barely miss the yak. You claw the yak. Your headbutt misses the yak.
The yak is moderately wounded.
The yak gores you!
* * * LOW HITPOINT WARNING * * *
You breathe a wild blast of lightning!
You hear a mighty clap of thunder!
The bolt of lightning hits you! You resist.
* * * LOW HITPOINT WARNING * * *
The bolt of lightning misses you.
The bolt of lightning hits the yak!
The yak is severely wounded.
The bolt of lightning hits the yak.
The yak is lightly wounded.
The orb of electricity explodes!
The orb of electricity engulfs you! You resist.
You die...

.# .# #
.#.# .#.#
Y..# ...
#########.#
#@YY......#
#########.#
.# .# ##


You could see 2 yaks.

Vanquished Creatures
  A komodo dragon (D:8)
  Sigmund (D:2)
  A wraith (D:8)
  3 yaks (D:9)
  Menkaure (D:5)
  Duvessa (D:6)
  2 sky beasts
  3 ice beasts
  A phantom (D:7)
  A black bear (D:8)
  A necrophage (D:6)
  3 centaurs
  2 ogres
  A big kobold (D:7)
  A gnoll sergeant (D:8)
  3 bullfrogs
  Dowan (D:6)
  3 wights (D:6)
  2 bullfrog zombies
  A jelly (D:6)
  A bullfrog skeleton (D:7)
  8 orc priests
  A hound (D:4)
  10 orc wizards
  An iguana (D:6)
  4 worker ants
  Natasha (thrice) (D:1)
  2 hound skeletons
  8 gnolls (D:8)
  17 adders
  2 shadow imps
  A white imp (D:7)
  4 ufetubi
  2 oozes
  4 dart slugs
  3 leopard geckos
  36 orcs
  6 giant cockroaches
  5 goblins
  13 hobgoblins
  7 jackals (D:1)
  9 kobolds
  6 quokkas
  4 ball pythons
  10 bats
  6 frilled lizards
  A quokka skeleton (D:4)
  9 rats
216 creatures vanquished.

Vanquished Creatures (others)
  28 plants (D:8)
28 creatures vanquished.

Grand Total: 244 creatures vanquished

Notes
Turn   | Place    | Note
-------+----------+-------------------------------------------
     0 | D:1      | trckry the Draconian Transmuter began the quest for the
                  | Orb.
     0 | D:1      | Reached XP level 1. HP: 16/16 MP: 3/3
   154 | D:1      | Reached XP level 2. HP: 23/23 MP: 3/5
   586 | D:1      | Reached skill level 1 in Shields
   586 | D:1      | Reached XP level 3. HP: 18/28 MP: 4/6
  1444 | D:2      | Found a sacrificial altar of Ru.
  1472 | D:2      | Reached XP level 4. HP: 34/35 MP: 5/7
  1617 | D:2      | Noticed Sigmund
  1617 | D:2      | Noticed Natasha
  1804 | D:1      | Killed Natasha
  2176 | D:1      | Noticed Natasha
  2185 | D:1      | Killed Natasha
  2186 | D:1      | Reached XP level 5. HP: 38/40 MP: 6/8
  2327 | D:1      | Noticed Natasha
  2340 | D:1      | Killed Natasha
  2879 | D:2      | Found Zin's Purification Station.
  2882 | D:2      | Found a glowing silver altar of Zin.
  3234 | D:2      | Found Zin's Purification Station.
  3235 | D:2      | Found a glowing silver altar of Zin.
  3323 | D:2      | Found a sacrificial altar of Ru.
  3467 | D:2      | Killed Sigmund
  3468 | D:2      | Reached skill level 5 in Unarmed Combat
  3468 | D:2      | Reached XP level 6. HP: 40/47 MP: 7/9
  3842 | D:3      | Noticed a sky beast
  3865 | D:3      | Killed a sky beast
  3866 | D:3      | Your scales start taking on a glossy black colour.
  3866 | D:3      | Reached XP level 7. HP: 43/52 MP: 10/10
  3866 | D:3      | Gained mutation: You are resistant to electric shocks.
                  | (rElec) [Black Draconian growth]
  4041 | D:3      | Reached skill level 5 in Transmutations
  4204 | D:3      | Found a faded altar of an unknown god.
  4282 | D:3      | Became a worshipper of Ru the Awakened
  4289 | D:3      | Gained mutation: You occasionally shout uncontrollably at
                  | your foes. [Ru sacrifice]
  5832 | D:5      | Entered Level 5 of the Dungeon
  6528 | D:5      | Noticed Menkaure
  6546 | D:5      | Killed Menkaure
  6547 | D:5      | Reached skill level 1 in Evocations
  6547 | D:5      | Reached XP level 8. HP: 31/59 MP: 11/11
  6722 | D:5      | Found a basalt altar of Yredelemnul.
  6790 | D:5      | Found an opulent altar of Gozag.
  6842 | D:5      | Found a blossoming altar of Fedhas.
  7237 | D:6      | Found a staircase to the Ecumenical Temple.
  7284 | D:6      | Found a broken altar of Ashenzari.
  7509 | D:6      | Found an ornate altar of the Wu Jian Council.
  7926 | D:6      | Found a stormy altar of Qazlal.
  8232 | D:6      | Noticed Duvessa
  8468 | D:6      | Noticed Dowan
  8478 | D:6      | Killed Duvessa
  8478 | D:6      | Killed Dowan
  8479 | D:6      | Reached XP level 9. HP: 55/64 MP: 10/12
  8604 | Temple   | Entered the Ecumenical Temple
  9519 | D:7      | Found a radiant altar of Vehumet.
  9922 | D:8      | Found an ancient bone altar of Kikubaaqudgha.
  9922 | D:8      | Found a hazy altar of Hepliaklqana.
 10792 | D:8      | Noticed a komodo dragon
 10795 | D:8      | Killed a komodo dragon
 10840 | D:8      | Found a staircase to the Lair.
 11802 | D:9      | Reached XP level 10. HP: 71/71 MP: 11/13
 11818 | D:9      | Reached skill level 5 in Evocations
 11824 | D:9      | Killed themself with a bounced orb of electricity

Illustrated notes

Levels and vault maps discovered:
D:1:      enne_arrival_octagon_isle, layout_loops_ring
D:2:      layout_basic, zin_purify, nicolae_ru_great_annihilating_truth,
          uniq_natasha, uniq_sigmund
D:3:      layout_basic, chequers_ecumenical_altar_grove
D:4:      layout_cave_pods
D:5:      layout_loops_corners, yredelemnul_altar_generic, marbit_many_paths,
          fedhas_altar_2, ebering_dispersal_statue_hall, uniq_menkaure
D:6:      layout_loops_corners, nicolae_overflow_crystal_walls,
          nicolae_ashenzari_panopticon, minmay_temple_entry_offerings,
          basic_altar, chequers_serial_rivers_micro_e,
          kennysheep_generic_room_6, uniq_duvessa
D:7:      layout_loops_ring, kennysheep_little_box, grunt_ministairs_2
D:8:      layout_basic, tgw_xom, grunt_temple_overflow_open, david_lair_shrubbed
D:9:      layout_basic, general_overflow_altar, minmay_bent
Temple:   compressed_dpeg_circular_temple

Skill      XL: |  1  2  3  4  5  6  7  8  9 10 |
---------------+-------------------------------+-----
Shields        | 1 2 3 4 |  4.0
Transmutations | 3 4 6 7 9 |  9.4
Unarmed Combat | 4 5 6 8 9 |  9.7
Evocations     | 1 3 4 5 |  5.0
Fighting       | |  1.1
Dodging        | |  1.7
Spellcasting   | |  2.0

Action                   |  1- 3 |  4- 6 |  7- 9 | 10-12 || total
-------------------------+-------+-------+-------+-------++-------
Melee: Unarmed           |   146 |   137 |   450 |    21 ||   754
       Tailslap          |    10 |     8 |    54 |     4 ||    76
       Kick              |    22 |    20 |    84 |     6 ||   132
       Headbutt          |     8 |     7 |    60 |       ||    75
Throw: Dart              |       |     2 |     5 |       ||     7
 Cast: Beastly Appendage |    18 |    17 |    60 |       ||    95
Invok: Sacrifice Purity  |       |       |     1 |       ||     1
       Reject Sacrifices |       |       |     1 |       ||     1
 Abil: Breathe Lightning |       |       |    24 |     1 ||    25
 Stab: Sleeping          |     1 |       |       |       ||     1
       Paralysed         |     1 |       |       |       ||     1
Armor: Skin              |    51 |    39 |   127 |     1 ||   218
Dodge: Dodged            |    75 |    80 |   209 |     8 ||   372
Block: Buckler           |    21 |    25 |   122 |     4 ||   172
